 Dungeon Crawl Stone Soup version 0.30-a0-1075-gcd70e7a56d (webtiles) character file.

Game seed: 7823175736106491818

1131 bearlyready the Grappler (level 8, -2/61 HPs)
             Began as a Ghoul Gladiator on Apr 14, 2023.
             Killed from afar by an electric eel (10 damage)
             ... with a bolt of electricity
             ... on level 6 of the Dungeon.
             The game lasted 00:08:58 (4561 turns).

bearlyready the Grappler (Ghoul Gladiator)          Turns: 4561, Time: 00:08:59

Health: -2/61      AC:  7    Str: 20    XL:     8   Next: 36%
Magic:  7/7        EV: 11    Int:  3    God:
Gold:   380        SH:  5    Dex: 10    Spells: 7/7 levels left

rFire   + . .      SeeInvis .      - Unarmed
rCold   + . .      Faith    .    (no shield)
rNeg    + + +      Spirit   .    w - +0 ring mail
rPois   ∞          Reflect  +    b - +0 helmet
rElec   .          Rampage  .    p - +0 cloak
rCorr   .                        (no gloves)
Will    .....                    (no boots) Stlth
                                 n - amulet of reflection
HPRegen 0.00/turn                y - ring of protection from fire
MPRegen 0.10/turn                u - ring of flight

@: flying, inhibited regen, studying Translocations
A: claws 1, cold resistance 1, negative energy resistance 3, inhibited
regeneration, torment resistance 2, devour on kill
a: no special abilities


You were on level 6 of the Dungeon.
You visited 1 branch of the dungeon, and saw 6 of its levels.

You collected 485 gold pieces.
You spent 105 gold pieces at shops.

Inventory:

Hand Weapons
 H - the +6 spear of Valour {flame, *Noise rCorr Int+2}
   (You found it on level 5 of the Dungeon)

   Int:       It affects your intelligence (+2).
   *Noise:    It may make noises in combat.
   rCorr:     It protects you from acid and corrosion.
Missiles
 c - 2 throwing nets
 d - a javelin
 k - 11 boomerangs (quivered)
 C - 7 poisoned darts
Armour
 a - a +0 leather armour
 b - a +0 helmet (worn)
 p - a +0 cloak (worn)
 w - a +0 ring mail (worn)
 I - a +0 pair of gloves
Jewellery
 n - an amulet of reflection (around neck)
 u - a ring of flight (right claw)
 y - a ring of protection from fire (left claw)
Scrolls
 f - 2 scrolls of immolation {unknown}
 g - 5 scrolls of teleportation {unknown}
 i - a scroll of blinking {unknown}
 r - 5 scrolls of identify {unknown}
 s - a scroll of magic mapping {unknown}
 t - a scroll of enchant weapon {unknown}
 v - a scroll of vulnerability {unknown}
 x - 2 scrolls of fog {unknown}
 A - a scroll of noise {unknown}
 D - a scroll of amnesia {unknown}
 E - a scroll of fear {unknown}
 F - a scroll of enchant armour {unknown}
 G - a scroll of torment {unknown}
Potions
 e - a potion of berserk rage {unknown}
 h - 3 potions of might
 j - 3 potions of brilliance {unknown}
 l - a potion of degeneration {unknown}
 m - 3 potions of curing
 o - 2 potions of flight {unknown}
 q - 2 potions of cancellation {unknown}
 z - a potion of magic {unknown}
 B - 2 potions of ambrosia {unknown}


   Skills:
 - Level 2.1 Fighting
 - Level 1.7 Throwing
 - Level 2.6 Dodging
 + Level 11.0 Unarmed Combat


You had 7 spell levels left.
You didn't know any spells.
Your spell library contained the following spells:

 Spells                   Type           Power      Damage    Failure   Level
 Magic Dart               Conj           0%         1d3       71%         1
 Searing Ray              Conj           0%         2d4       85%         2
 Inner Flame              Hex/Fire       0%         N/A       97%         3
 Anguish                  Hex/Necr       0%         N/A       100%        4
 Cause Fear               Hex            0%         N/A       100%        4
 Fulminant Prism          Conj/Hex       0%         3d5       100%        4
 Yara's Violent Unravell  Hex/Tmut       0%         3d3       100%        5
 Enfeeble                 Hex            0%         N/A       100%        7


Dungeon Overview and Level Annotations

Branches:
Dungeon (6/15)
 Temple: D:4-7

Altars:
Okawaru

Shops:
D:6 !

Annotations:
D:5 5 runed translucent doors


Innate Abilities, Weirdness & Mutations

You are immune to poison.
You have sharp fingernails.
Your flesh is cold resistant. (rC+)
You are immune to negative energy. (rN+++)
You do not regenerate when monsters are visible.
You are immune to unholy pain and torment.
You thrive by killing the living.


Message History

You mangle the adder!!
You kill the adder!
You see here an adder corpse.
The electric eel shoots out a bolt of lightning at you!
The bolt of electricity misses you.
You aren't carrying any items that you can evoke.
The electric eel shoots out a bolt of lightning at you!
The bolt of electricity hits you.
You see here an adder corpse.
An electric eel is nearby!
You start resting.
HP restored.
You see here an adder corpse.
The electric eel shoots out a bolt of lightning at you!
The bolt of electricity hits you.
The electric eel shoots out a bolt of lightning at you!
The bolt of electricity hits you!
An electric eel comes into view.
The electric eel shoots out a bolt of lightning at you!
The bolt of electricity hits you!
The electric eel shoots out a bolt of lightning at you!
The bolt of electricity hits you!
An ice beast comes into view.
The electric eel shoots out a bolt of lightning at you!
The bolt of electricity hits the electric eel.
The electric eel completely resists.
The bolt of electricity hits you.
The electric eel shoots out a bolt of lightning at you!
The bolt of electricity hits you!
* * * LOW HITPOINT WARNING * * *
You barely miss the electric eel.
The electric eel shoots out a bolt of lightning at you!
The bolt of electricity hits you!
* * * LOW HITPOINT WARNING * * *
You feel better.
The electric eel shoots out a bolt of lightning at you!
The bolt of electricity hits you!
* * * LOW HITPOINT WARNING * * *
The electric eel shoots out a bolt of lightning at you!
The bolt of electricity hits you!
You die...

...........######..........#
..#...####.## .......?..
.###..# ##..# ......... .#
##..##...## ##.....# #
#........######..#
###.......##.....#..##
.....####.###.....†## ....#
#.# ##....## ...##
#.#####.@## ..### ......#..#
..... .##.....#######. ..##.
# #............. ..##
#.~~~S.~~~~~.. ...#
#.≈≈≈~.~≈≈~~.# ...#
#.≈≈≈~.≈≈~≈~.. ....#
#.~≈≈~.~~≈≈~.# #....
#.~~~≈........


You could see an electric eel.

Vanquished Creatures
  A sky beast (D:6)
  A black bear (D:4)
  2 ogres
  2 bullfrogs
  2 scorpions
  2 hounds (D:5)
  A jelly (D:5)
  3 iguanas
  A sleepcap (D:5)
  2 orc wizards
  9 gnolls
  10 adders
  An ufetubus (D:5)
  A worm (D:3)
  4 dart slugs
  5 orcs
  10 endoplasms
  2 giant cockroaches
  7 goblins
  9 hobgoblins
  3 jackals (D:2)
  3 quokkas
  6 ball pythons
  3 bats
  8 frilled lizards
  6 kobolds
  8 rats
112 creatures vanquished.

Notes
Turn   | Place    | Note
-------+----------+-------------------------------------------
     0 | D:1      | bearlyready the Ghoul Gladiator began the quest for the
                  | Orb.
     0 | D:1      | Reached XP level 1. HP: 17/17 MP: 0/0
   229 | D:1      | Reached XP level 2. HP: 24/24 MP: 1/1
   232 | D:1      | Reached skill level 4 in Unarmed Combat
   721 | D:2      | Reached XP level 3. HP: 29/29 MP: 2/2
   856 | D:2      | Reached skill level 5 in Unarmed Combat
   860 | D:2      | Reached XP level 4. HP: 27/36 MP: 3/3
  1207 | D:2      | Found a faded altar of an unknown god.
  1578 | D:3      | Reached skill level 6 in Unarmed Combat
  1578 | D:3      | Reached XP level 5. HP: 29/41 MP: 4/4
  2284 | D:4      | Reached skill level 7 in Unarmed Combat
  2291 | D:4      | Reached XP level 6. HP: 37/48 MP: 5/5
  2337 | D:4      | Noticed a black bear
  2355 | D:4      | Killed a black bear
  2356 | D:4      | Reached skill level 8 in Unarmed Combat
  2360 | D:4      | Reached XP level 7. HP: 47/55 MP: 6/6
  2707 | D:4      | Found an iron altar of Okawaru.
  2892 | D:4      | Reached skill level 9 in Unarmed Combat
  3147 | D:5      | Entered Level 5 of the Dungeon
  3222 | D:5      | Identified the +6 spear of Valour {flame, *Noise rCorr
                  | Int+2}
  3433 | D:5      | Reached skill level 10 in Unarmed Combat
  3627 | D:5      | Found a runed translucent door.
  3627 | D:5      | Noticed a redback
  3628 | D:5      | Found a runed translucent gate.
  3628 | D:5      | Found a runed translucent gate.
  3628 | D:5      | Noticed a redback
  3629 | D:5      | Noticed a redback
  3629 | D:5      | Noticed a redback
  3641 | D:5      | Found the +9 staff of Olgreb {rPois∞}
  3798 | D:5      | Reached XP level 8. HP: 52/61 MP: 7/7
  3860 | D:5      | Found a runed translucent gate.
  3873 | D:5      | Found a runed translucent door.
  4121 | D:6      | Found Ofradosi's Distillery.
  4139 | D:6      | Bought a potion of curing for 45 gold pieces
  4139 | D:6      | Bought a potion of might for 60 gold pieces
  4185 | D:6      | Reached skill level 11 in Unarmed Combat
  4561 | D:6      | Killed from afar by an electric eel

Illustrated notes

Levels and vault maps discovered:
D:1:      wander_arrival_lonely_grave, layout_loops_ring
D:2:      layout_loops_cross, shapermc_ecumenical_altar_ellora
D:3:      layout_basic, hangedman_decor_slide_cut, minmay_misc_feat_alley
D:4:      layout_basic, okawaru_altar_gauntlet_db, nzn_random_ring
D:5:      layout_loops_ring, minmay_guarded_unrand_staff_of_olgreb
D:6:      layout_layer_cave, serial_shops, nicolae_diamond_shop, minivault_14,
          solitary_fountain

Skill      XL: |  1  2  3  4  5  6  7  8 |
---------------+-------------------------+-----
Unarmed Combat | 4 5 6 7 8 10 11 | 11.0
Fighting       | |  2.1
Throwing       | |  1.7
Dodging        | |  2.6

Action                     |  1- 3 |  4- 6 |  7- 9 || total
---------------------------+-------+-------+-------++-------
  Melee: Unarmed           |    75 |   172 |   123 ||   370
         Punch             |       |     6 |     6 ||    12
  Throw: Throwing net      |     2 |       |       ||     2
         Boomerang         |       |       |     6 ||     6
    Use: Potion            |       |     2 |     1 ||     3
 Armour: Leather armour    |    17 |    27 |       ||    44
         Ring mail         |       |    23 |    35 ||    58
  Dodge: Dodged            |    33 |    82 |    34 ||   149
  Block: Other             |       |    14 |    21 ||    35
         Reflection        |       |       |     3 ||     3

Table legend: (Time is in decaauts)
 A = Elapsed time spent in this place.
 B = Non-inter-level travel time spent in this place.
 C = Inter-level travel time spent in this place.
 D = Time resting spent in this place.
 E = Time spent auto-exploring this place.
 F = Levels seen in this place.
 G = Mean time per level.
                   A        B        C        D        E       F      G
               +--------+--------+--------+--------+--------+-----+--------+
         Total |   4512 |   4360 |    152 |    111 |   3402 |   6 |  752.0 |
       Dungeon |   4512 |   4360 |    152 |    111 |   3402 |   6 |  752.0 |
               +--------+--------+--------+--------+--------+-----+--------+

Top non-repeatable levels by time:
     D:4: 1039 daAuts
     D:5: 869 daAuts
     D:2: 821 daAuts
     D:1: 629 daAuts
     D:3: 619 daAuts
     D:6: 532 daAuts
